 Dungeon Crawl Stone Soup version 0.30.0 (webtiles) character file.

Game seed: 10940863203745167715

67 asfdlkj the Covered (level 4, -1/35 HPs)
             Began as a Human Fighter on May 4, 2023.
             Slain by an orc wizard
             ... wielding a +0 dagger
              (2 damage)
             ... on level 2 of the Dungeon on May 5, 2023.
             The game lasted 00:11:48 (1123 turns).

asfdlkj the Covered (Human Fighter)                 Turns: 1123, Time: 00:11:49

Health: -1/35      AC:  6    Str: 18    XL:     4   Next: 40%
Magic:  4/4        EV:  9    Int:  8    God:
Gold:   144        SH:  0    Dex: 13    Spells: 3/3 levels left

rFire   . . .        a - +0 long sword
rCold   . . .        c - +0 buckler
rNeg    . . .        b - +0 scale mail
rPois   .            (no helmet)
rElec   .            (no cloak)
rCorr   .            (no gloves)
SInv    .            (no boots)
Will    .....        (no amulet) Stlth
                     (no ring)
HPRegen 0.25/turn    (no ring)
MPRegen 0.09/turn

%: no passive effects
@: confused
A: no striking features
a: no special abilities


You were on level 2 of the Dungeon.
You visited 1 branch of the dungeon, and saw 3 of its levels.

You collected 144 gold pieces.

Inventory:

Hand Weapons
 a - a +0 long sword (weapon)
Missiles
 g - 24 stones
Armour
 b - a +0 scale mail (worn)
 c - a +0 buckler (worn)
Scrolls
 j - a scroll of vulnerability {unknown}
Potions
 d - a potion of might
 e - a potion of heal wounds (quivered) {unknown}
 f - a potion of resistance {unknown}
 h - 2 potions of ambrosia {unknown}
 i - 2 potions of degeneration {unknown}


   Skills:
 + Level 3.3 Fighting
 + Level 3.0 Long Blades
 + Level 3.6 Armour
 + Level 0.3 Dodging
 + Level 3.2 Shields


You had 3 spell levels left.
You didn't know any spells.
Your spell library was empty.

Dungeon Overview and Level Annotations

Branches:
Dungeon (3/15)

Altars:


Message History

You start resting.
Something hits you. Something hits you but does no damage.
A magic dart appears from out of thin air!
The magic dart hits you.
* * * LOW HITPOINT WARNING * * *
Something hits you but does no damage.
You miss something. You block something's attack.
Something hits you but does no damage.
You miss something. Something hits you but does no damage.
You barely miss something. Something hits you.
* * * LOW HITPOINT WARNING * * *
You hit something. Something hits you but does no damage. Something hits you.
* * * LOW HITPOINT WARNING * * *
You barely miss something. Something hits you.
* * * LOW HITPOINT WARNING * * *
You barely miss something. Something hits you.
* * * LOW HITPOINT WARNING * * *
You hear some strange, mumbled words.
A puff of flame appears from out of thin air!
The puff of flame misses you.
There is a stone staircase leading up here.
Something hits you but does no damage.
You climb upwards.
Reactivating autopickup.
The quokka bites you but does no damage.
There is a stone staircase leading down here.
The quokka closely misses you.
You hear some strange, mumbled words.
Deactivating autopickup; reactivate with Ctrl-A.
You are confused.
You climb downwards.
Reactivating autopickup.
There is a stone staircase leading up here.
You can't go down here!
An orc wizard appears from thin air!
The quokka twitches its whiskers.
The quokka bites you.
* * * LOW HITPOINT WARNING * * *
The orc wizard hits you with a +0 dagger.
You die...

#.. ##
#.. ..
#.. ..
#.# #.
#.# #.
#.# #.
#r#
#.####@#
#$>...o#
########


You could see an orc wizard and a quokka.

Vanquished Creatures
  An iguana (D:3)
  2 worms (D:2)
  A dart slug (D:3)
  2 bats (D:3)
  4 endoplasms
  2 giant cockroaches
  2 goblins (D:1)
  2 hobgoblins
  5 kobolds
  3 ball pythons
  4 frilled lizards
  4 rats
32 creatures vanquished.

Notes
Turn   | Place    | Note
-------+----------+-------------------------------------------
     0 | D:1      | asfdlkj the Human Fighter began the quest for the Orb.
     0 | D:1      | Reached XP level 1. HP: 18/18 MP: 1/1
   178 | D:1      | Reached XP level 2. HP: 20/24 MP: 2/2
   563 | D:2      | Reached XP level 3. HP: 29/29 MP: 3/3
   948 | D:3      | Reached XP level 4. HP: 22/35 MP: 4/4
  1026 | D:3      | Upgraded the game from 0.30-b1-5-g8e6c1be481 to 0.30.0
  1070 | D:3      | Identified the +2 ring mail of Recklessness {rN+}
  1116 | D:2      | HP: 1/35 [something (1)]
  1123 | D:2      | HP: 1/35 [quokka (2)]
  1123 | D:2      | Slain by an orc wizard

Illustrated notes

Levels and vault maps discovered:
D:1:      kennysheep_arrival_forest, layout_basic
D:2:      layout_loops_ring
D:3:      layout_rooms, gammafunk_temple_overflow_statue,
          hellmonk_ecumenical_altar_inner_sanctum, minmay_tree_intersection,
          kennysheep_nub

Skill      XL: |  1  2  3  4 |
---------------+-------------+-----
Long Blades    | 3 |  3.0
Fighting       | |  3.3
Armour         | |  3.6
Dodging        | |  0.3
Shields        | |  3.2

Action                     |  1- 3 |  4- 6 || total
---------------------------+-------+-------++-------
  Melee: Long sword        |    83 |    28 ||   111
    Use: Scroll            |     2 |       ||     2
 Armour: Scale mail        |    34 |    35 ||    69
  Dodge: Dodged            |    34 |    21 ||    55
  Block: Buckler           |    17 |    22 ||    39
